 Dungeon Crawl Stone Soup version 0.22-a0-407-gb098539 (webtiles) character file.

30 Ijustatesigmund the Skirmisher (level 3, -5/33 HPs)
             Began as a Hill Orc Artificer on May 9, 2018.
             Slain by a worm (8 damage)
             ... on level 2 of the Dungeon.
             The game lasted 00:03:07 (2167 turns).

Ijustatesigmund the Skirmisher (Hill Orc Artificer) Turns: 2167, Time: 00:03:07

Health: -5/33      AC:  3    Str: 14    XL:     3   Next: 18%
Magic:  5/5        EV: 11    Int: 11    God:
Gold:   62         SH:  0    Dex: 12    Spells: 2/2 levels left

rFire    . . .     SeeInvis .   a - -3 hand axe (curse)
rCold    . . .     Gourm    .   (no shield)
rNeg     . . .     Faith    .   b - +0 leather armour
rPois    .         Spirit   .   (no helmet)
rElec    .         Reflect  .   (no cloak)
rCorr    .         Harm     .   (no gloves)
MR       .....                  (no boots)
Stlth    +.........             (no amulet)
HPRegen  0.11/turn              (no ring)
MPRegen  0.09/turn              (no ring)

@: no status effects
A: no striking features
a: no special abilities


You were on level 2 of the Dungeon.
You were hungry.

You visited 1 branch of the dungeon, and saw 2 of its levels.

You collected 62 gold pieces.

Inventory:

Hand Weapons
 a - a cursed -3 hand axe (weapon)
Armour
 b - a +0 leather armour (worn)
Wands
 c - a wand of flame (15)
 d - a wand of enslavement (12)
 e - a wand of random effects (8)
Scrolls
 g - a scroll of teleportation {unknown}
 h - 2 scrolls of immolation {unknown}
 i - a scroll of identify {unknown}
 j - 2 scrolls of fear {unknown}
 l - a scroll of remove curse {unknown}
 m - a scroll of blinking {unknown}
Potions
 k - a potion of curing {unknown}
Comestibles
 f - 4 rations


   Skills:
 - Level 3.7 Fighting
   Level 1.0 Short Blades
 + Level 0.0 Axes
 - Level 1.5 Dodging
 - Level 0.7 Stealth
 - Level 3.0 Evocations


You had 2 spell levels left.
You didn't know any spells.

Dungeon Overview and Level Annotations

Branches:
Dungeon (2/15)

Altars:


Message History

You hit the worm.
The worm is moderately wounded.
You hit the worm but do no damage.
The worm is lightly wounded.
You hit the worm.
The worm is lightly wounded.
You hit the worm.
The worm is moderately wounded.
You hit the worm.
The worm is heavily wounded.
The worm seems less confused.
The worm closely misses you.
You hit the worm.
The worm is severely wounded.
The worm bites you!
You barely miss the worm.
The worm is severely wounded.
The worm bites you!
* * * LOW HITPOINT WARNING * * *
The worm bites you!
You die...

P.♣♣♣.....#.## #.#
#.# P♣ ♣♣....#..#
#.# #.# .(
♣.."####.# #.# #.#
P. ♣♣P## #.# #.#
#.#
.P♣♣..######.###.#
#.#
.P.♣P......#).##.#
#)#
#P♣♣........#.##.#
#†#
#.P.........#..#.#
#.#
#.P#..#####.##.#@#
#.# #.....###
#.##..w# ######.#
#..#....# #.###..#
#....((#
#.#####.###.# #..#
#.###### #.#
#.....# ##.###.#
#.# #######
#..##.# #.#
#..##.# #.#
##.##.# #.# #..#.#


You could see a worm.

Vanquished Creatures
  A worm (D:2)
  A dart slug (D:1)
  3 bats
  A giant cockroach (D:1)
  3 goblins
  5 hobgoblins
  A frilled lizard (D:2)
  4 kobolds
  3 rats
22 creatures vanquished.

Notes
Turn   | Place    | Note
-------+----------+-------------------------------------------
     0 | D:1      | Ijustatesigmund the Hill Orc Artificer began the quest for the Orb.
     0 | D:1      | Reached XP level 1. HP: 16/16 MP: 3/3
   920 | D:1      | Reached XP level 2. HP: 19/25 MP: 4/4
  1733 | D:2      | Reached XP level 3. HP: 31/31 MP: 5/5
  2167 | D:2      | Slain by a worm

Vault maps used:
D:1:      nzn_arrival_settlement
D:2:      serial_forest, infiniplex_forest_straight_1,
          infiniplex_forest_corner_2, infiniplex_forest_clump_long,
          infiniplex_forest_clump_long, infiniplex_forest_lined_ring

Skill      XL: |  1  2 |
---------------+-------+-----
Fighting       | 2 3 |  3.7
Short Blades   | |  1.0
Dodging        | |  1.5
Stealth        | |  0.7
Evocations     | |  3.0

Action                   || total
-------------------------++-------
Melee: Short sword       ||    87
       Hand axe          ||    11
Evoke: Wand              ||    10
 Stab: Sleeping          ||     2
  Eat: Chunk             ||     3
Armor: Leather armour    ||    22
Dodge: Dodged            ||    54

Table legend:
 A = Spawn XP
 B = Non-spawn XP
 C = Spawn XP percentage of total XP
 D = Spawn monster count
 E = Non-spawn monster count
 F = Spawn count percentage of total count
 G = Total turns spent on level
                    A         B        C        D         E        F      G
               +---------+---------+-------+---------+---------+-------+---------
         Total |       0 |      43 |   0.0 |       0 |      22 |   0.0 |  2167
               +---------+---------+-------+---------+---------+-------+---------
           D:1 |       0 |      27 |   0.0 |       0 |      14 |   0.0 |  1524
           D:2 |       0 |      16 |   0.0 |       0 |       8 |   0.0 |   643
               +---------+---------+-------+---------+---------+-------+---------
